 Dungeon Crawl Stone Soup version 0.31.0-12-g77e489cdc1 (webtiles) character file.

Game seed: 12484167386224438403

461 octopus7009 the Poker (level 6, 0/47 HPs)
             Began as a Demonspawn Gladiator on Mar 7, 2024.
             Incinerated by a bombardier beetle (5 damage)
             ... with a burning spray
             ... on level 4 of the Dungeon.
             The game lasted 00:07:07 (2336 turns).

octopus7009 the Poker (Demonspawn Gladiator)        Turns: 2336, Time: 00:07:08

Health: 0/47       AC:  8    Str: 14    XL:     6   Next: 79%
Magic:  6/6        EV: 16    Int:  8    God:
Gold:   193        SH:  0    Dex: 17    Spells: 5/5 levels left

rFire   . . .        a - +0 trident
rCold   . . .        (no shield)
rNeg    . . .        f - +0 scale mail
rPois   .            (helmet restricted)
rElec   .            j - +0 cloak
rCorr   .            (no gloves)
SInv    .            k - +0 pair of boots
Will    .....        n - amulet of magic regeneration Stlth
                     (no ring)
HPRegen 0.27/turn    (no ring)
MPRegen 0.60/turn

%: no passive effects
@: agile, on fire, glowing
A: antennae 1, powered by pain 1, magic regeneration, demonic touch 1
a: no special abilities


You were on level 4 of the Dungeon.
You visited 1 branch of the dungeon, and saw 4 of its levels.

You collected 193 gold pieces.

Inventory:

Hand Weapons
 a - a +0 trident (weapon)
Missiles
 d - 3 throwing nets (quivered)
 e - a javelin
Armour
 c - a +0 helmet
 f - a +0 scale mail (worn)
 j - a +0 cloak (worn)
 k - a +0 pair of boots (worn)
Jewellery
 n - an amulet of magic regeneration (around neck)
Talismans
 r - a flux talisman
Wands
 p - a wand of flame (31)
Scrolls
 b - 3 scrolls of identify {unknown}
 l - a scroll of noise {unknown}
 o - a scroll of teleportation {unknown}
 q - a scroll of enchant weapon {unknown}
Potions
 g - 2 potions of ambrosia {unknown}
 h - 2 potions of might {unknown}
 i - 3 potions of curing {unknown}
 m - a potion of enlightenment {unknown}


   Skills:
 + Level 3.4 Fighting
 + Level 5.1 Polearms
 + Level 1.9 Throwing
 + Level 2.2 Armour
 + Level 3.8 Dodging
 + Level 0.6 Stealth


You had 5 spell levels left.
You didn't know any spells.
Your spell library was empty.

Dungeon Overview and Level Annotations

Branches:
Dungeon (4/15)
 Temple: D:4-7

Altars:
Ashenzari
Fedhas
Qazlal


Innate Abilities, Weirdness & Mutations

You have a pair of small antennae on your head.
You sometimes gain a little power by taking damage.
You regenerate magic rapidly.
Your touch may inflict minor irresistible damage on your foes.


Message History

The adder is severely wounded.
The adder barely misses you. The gnoll closely misses you.
The adder misses you.
You miss the adder.
The adder is severely wounded.
The gnoll hits you but does no damage. The adder barely misses you.
You hit the adder.
You kill the adder!
The gnoll barely misses you.
You completely miss the ball python. Your touch misses the ball python.
The ball python closely misses you. The ball python grabs you.
The ball python constricts you.
The gnoll hits you from afar with a +0 halberd!
* * * LOW HITPOINT WARNING * * *
You focus on the pain.
You feel agile all of a sudden. The ball python misses you.
The ball python constricts you.
* * * LOW HITPOINT WARNING * * *
You hit the ball python.
The ball python is moderately wounded.
The gnoll misses you.
The ball python bites you but does no damage.
The ball python constricts you.
* * * LOW HITPOINT WARNING * * *
You hit the ball python but do no damage.
You touch the ball python.
You kill the ball python!
The gnoll barely misses you.
You hit the bombardier beetle but do no damage.
The gnoll barely misses you. The gnoll misses you.
You puncture the bombardier beetle!
You touch the bombardier beetle!
The bombardier beetle is almost dead.
The bombardier beetle sprays incendiary fluid at you.
The burning spray hits you.
You are covered in liquid fire!
The gnoll misses you.
You closely miss the bombardier beetle.
You touch the bombardier beetle.
You kill the bombardier beetle!
The liquid fire burns you!
You die...

. ##...#...## .
##.........## .###
#...........#
...#####...........#
...................#
....#####.........##
....## ##...#.gg##
.....###########†#
[..#......... #@#
...#########. #.#
...# ..# ...# ....
...# ..... <..#
....... ...#
#....... ####
##.....##


You could see 2 gnolls.

Vanquished Creatures
  The ghost of Heartofthecards the Sneak, an amateur NaEn (D:3)
  A water moccasin zombie (D:3)
  A bombardier beetle (D:4)
  A hound (D:4)
  Jessica (D:3)
  A centaur skeleton (D:3)
  Natasha (thrice) (D:2)
  An orc wizard (D:3)
  A gnoll (D:4)
  5 adders
  3 dart slugs
  2 ribbon worms
  2 orcs (D:3)
  8 bats
  8 endoplasms
  4 giant cockroaches
  5 goblins
  7 hobgoblins
  4 jackals (D:2)
  2 quokkas (D:1)
  6 ball pythons
  7 kobolds
  5 rats
79 creatures vanquished.

Notes
Turn   | Place    | Note
-------+----------+-------------------------------------------
     0 | D:1      | octopus7009 the Demonspawn Gladiator began the quest for
                  | the Orb.
     0 | D:1      | Reached XP level 1. HP: 16/16 MP: 1/1
   191 | D:1      | Discovered your monstrous ancestry.
   191 | D:1      | Gained mutation: Your touch may inflict minor irresistible
                  | damage on your foes. [demonic ancestry]
   191 | D:1      | Reached XP level 2. HP: 15/22 MP: 2/2
   498 | D:1      | Reached skill level 3 in Polearms
   778 | D:2      | Gained mutation: You sometimes gain a little power by
                  | taking damage. [demonic ancestry]
   778 | D:2      | Reached XP level 3. HP: 27/27 MP: 3/3
   787 | D:2      | Reached skill level 1 in Armour
  1149 | D:2      | Noticed Natasha
  1154 | D:2      | Killed Natasha
  1155 | D:2      | Reached XP level 4. HP: 20/33 MP: 4/4
  1199 | D:2      | Noticed Natasha
  1206 | D:2      | Killed Natasha
  1222 | D:2      | Noticed Natasha
  1228 | D:2      | Killed Natasha
  1229 | D:2      | Gained mutation: You regenerate magic rapidly. [demonic
                  | ancestry]
  1229 | D:2      | Reached XP level 5. HP: 38/38 MP: 5/5
  1312 | D:2      | Reached skill level 4 in Polearms
  1565 | D:3      | Found a stormy altar of Qazlal.
  1572 | D:3      | Found a blossoming altar of Fedhas.
  1859 | D:3      | Noticed Heartofthecards's ghost (amateur NaEn)
  1860 | D:3      | Found a transporter.
  1864 | D:3      | Found a transporter.
  1900 | D:3      | Killed Heartofthecards's ghost
  1901 | D:3      | Gained mutation: You have a pair of small antennae on your
                  | head. [demonic ancestry]
  1901 | D:3      | Reached XP level 6. HP: 46/46 MP: 6/6
  1964 | D:3      | Found a broken altar of Ashenzari.
  2064 | D:3      | Noticed Jessica
  2070 | D:3      | Killed Jessica
  2071 | D:3      | Reached skill level 5 in Polearms
  2188 | D:3      | Found a faded altar of an unknown god.
  2336 | D:4      | Incinerated by a bombardier beetle

Illustrated notes

Levels and vault maps discovered:
D:1:      giann_bridges, layout_loops_ring
D:2:      layout_loops_ring, kennysheep_generic_room_12, uniq_natasha
D:3:      layout_rooms, grunt_temple_overflow_forces_of_nature,
          mainiacjoe_overflow_catwalk, ashenzari_altar_1,
          nicolae_ecumenical_lake_church, gammafunk_ghost_mausoleum,
          minmay_misc_feat_roman, uniq_jessica
D:4:      layout_rooms, lemuel_coloured_pillars_altar, uniq_robin

Skill      XL: |  1  2  3  4  5  6 |
---------------+-------------------+-----
Dodging        | 3 |  3.8
Polearms       | 3 4 5 |  5.1
Armour         | 1 2 |  2.2
Fighting       | 3 |  3.4
Throwing       | |  1.9
Stealth        | |  0.6

Action                     |  1- 3 |  4- 6 || total
---------------------------+-------+-------++-------
  Melee: Trident           |   115 |   126 ||   241
         Touch             |    10 |    24 ||    34
         Punch             |       |     2 ||     2
 Armour: Leather armour    |     8 |       ||     8
         Scale mail        |    64 |    82 ||   146
  Dodge: Dodged            |    58 |    71 ||   129
